 Dungeon Crawl Stone Soup version 0.29.0-4-gdea44cf6ec (webtiles) character file.

Game seed: 5910988729914758197

15453 qw the Cleaver (level 12, -10/115 HPs)
             Began as a Gargoyle Berserker on Sept 8, 2022.
             Was a Priest of Trog.
             Killed from afar by an oklob plant (11 damage)
             ... with a splash of acid
             ... on level 4 of the Lair of Beasts.
             The game lasted 00:04:59 (16071 turns).

qw the Cleaver (Gargoyle Berserker)                Turns: 16071, Time: 00:04:59

Health: -10/115    AC: 13    Str: 26    XL:     12   Next: 27%
Magic:  12/12      EV:  6    Int:  8    God:    Trog [***...]
Gold:   555        SH: 15    Dex:  9    Spells: 11/11 levels left

rFire   + . .      SeeInvis .   Y - +3 war axe
rCold   + . .      Faith    .   k - +0 kite shield
rNeg    + . .      Spirit   .   i - +0 plate armour
rPois   inf        Reflect  +   h - +2 hat
rElec   +          Harm     .   f - +0 cloak
rCorr   .          Rampage  .   m - +2 pair of gloves
Will    .....                   (no boots)
Stlth   ..........              s - amulet of reflection
HPRegen 0.29/turn               p - ring of protection from fire
MPRegen 0.13/turn               l - ring of protection from cold

@: berserking (expiring), corroded, very quick
A: sickness immunity, AC +8, negative energy resistance 1, electricity
resistance, torment resistance 1, petrification resistance
a: Renounce Religion, Berserk, Trog's Hand


You were on level 4 of the Lair of Beasts.
You worshipped Trog.
Trog was most pleased with you.
You visited 2 branches of the dungeon, and saw 12 of its levels.

You collected 731 gold pieces.
You spent 176 gold pieces at shops.


Innate Abilities, Weirdness & Mutations

You are immune to sickness and miasma.
Your stone body is resilient. (AC +8)
You are immune to poison.
You resist negative energy. (rN+)
You are resistant to electric shocks. (rElec)
You are resistant to unholy torment.
You are immune to petrification.


   Skills:
 - Level 10.0 Fighting
 - Level 12.0 Axes
 - Level 1.0 Throwing
 + Level 8.4 Armour
 - Level 2.1 Dodging
 - Level 10.7 Shields


You had 11 spell levels left.
You didn't know any spells.
Your spell library was empty.

Inventory:

Hand Weapons
 g - a +1 hand axe of flaming
 Y - a +3 war axe (weapon)
Missiles
 n - 4 boomerangs (quivered)
Armour
 f - a +0 cloak (worn)
 h - a +2 hat (worn)
 i - a +0 plate armour (worn)
 k - a +0 kite shield (worn)
 m - a +2 pair of gloves (worn)
Jewellery
 b - a ring of protection from fire
 d - a ring of positive energy
 l - a ring of protection from cold (right hand)
 p - a ring of protection from fire (left hand)
 r - a ring of resist corrosion
 s - an amulet of reflection (around neck)
Scrolls
 a - 6 scrolls of teleportation
 e - 2 scrolls of identify
Potions
 c - a potion of might
 j - a potion of heal wounds
 o - a potion of cancellation
 q - a potion of curing {unknown}
 t - a potion of haste
 u - a potion of mutation {unknown}

Dungeon Overview and Level Annotations

Branches:
Dungeon (8/15)             Temple (0/1) D:5            Lair (4/5) D:8
 Shoals (0/4) Lair:2       Spider (0/4) Lair:2        Slime (0/5) Lair:4

Altars:
Ashenzari
Dithmenos
Makhleb
Okawaru
Vehumet
Zin
Jiyva

Shops:
D:2 (   D:7 [

Annotations:
D:2 1 runed translucent door, Crazy Yiuf
Lair:1 3 runed translucent doors, qw's ghost, journeyman GrBe


Message History

The oklob plant spits acid at you. The splash of acid hits you!!
The oklob plant spits acid at you. The splash of acid hits you!
The oklob plant spits acid at you.
The splash of acid reflects off an invisible shield around you!
The splash of acid hits the oklob plant.
The oklob plant completely resists.
The oklob plant spits acid at you. The splash of acid hits you!
The acid corrodes you!
16063 ||| INVOKING Berserk.
A red film seems to cover your vision as you go berserk!
You feel yourself moving faster!
You feel mighty! The oklob plant spits acid at you.
The splash of acid hits you. The oklob plant spits acid at you.
The splash of acid hits you! The acid corrodes you!
You feel a strong urge to attack something.
You hit the oklob plant but do no damage.
You slash the oklob plant!
The oklob plant is moderately damaged.
You hit the oklob plant but do no damage.
The oklob plant is lightly damaged.
You hit the oklob plant.
The oklob plant is moderately damaged.
The oklob plant spits acid at you.
The splash of acid reflects off an invisible shield around you!
The splash of acid hits the oklob plant.
The oklob plant completely resists.
You hit the oklob plant.
The oklob plant is moderately damaged.
The oklob plant spits acid at you. The splash of acid hits you!
The acid corrodes you!
You hit the oklob plant but do no damage.
The oklob plant is moderately damaged.
You slash the oklob plant!
The oklob plant is heavily damaged.
The oklob plant spits acid at you. The splash of acid hits you!
You die...

.....................
#.....................
#.....................
#^...................
##....................
##..........####.##....
....... #...........#
#####... ..)....
#..P........# #...
....... #..P>.@.....#
#... ......
#....P.......# #...
....#
####...............
#### ....#
....................
...#
....................
...#
.................?..
...#
....................
...# ####..........#..
...# #..........#


You could see 3 oklob plants.

Vanquished Creatures
  2 hydras
  A catoblepas (Lair:4)
  A merfolk siren (Lair:2)
  4 cane toads
  2 rime drakes (Lair:1)
  6 komodo dragons
  A polar bear (Lair:4)
  Prince Ribbit (D:7)
  8 blink frogs
  2 wyverns
  Sigmund (D:3)
  13 yaks
  A basilisk (Lair:3)
  2 steam dragons (D:7)
  Edmund (D:6)
  12 water moccasins
  Duvessa (D:7)
  2 orc warriors (D:7)
  A black bear (D:8)
  7 ice beasts
  3 ogres
  3 centaurs
  2 phantoms
  6 bullfrogs
  2 gnoll sergeants
  3 necrophages (D:7)
  2 scorpions
  4 wights (D:7)
  Dowan (D:7)
  5 killer bees
  6 electric eels
  7 hounds
  2 jellies
  6 orc priests
  Ijyb (D:3)
  Terence (D:3)
  6 iguanas
  2 orc wizards (D:7)
  11 adders
  7 river rats (D:4)
  15 gnolls
  3 white imps
  3 worms
  4 dart slugs
  16 orcs
  2 bats (D:3)
  4 endoplasms
  5 giant cockroaches
  6 goblins
  5 hobgoblins
  7 quokkas
  13 ball pythons
  3 frilled lizards
  4 kobolds
  21 rats
260 creatures vanquished.

Vanquished Creatures (others)
  An adder (D:3)
  A white imp (D:8)
  A giant cockroach (D:2)
  A frilled lizard (D:3)
  9 fungi
  51 plants
64 creatures vanquished.

Grand Total: 324 creatures vanquished

Notes
Turn   | Place    | Note
-------+----------+-------------------------------------------
     0 | D:1      | qw the Gargoyle Berserker began the quest for the Orb.
     0 | D:1      | Reached XP level 1. HP: 14/14 MP: 1/1
     0 | D:1      | 0 ||| qw: Version: 0.1-a-112-g44dc6cd
     0 | D:1      | 0 ||| qw: Game counter: 6853
     0 | D:1      | 0 ||| qw: Always use a shield: true
     0 | D:1      | 0 ||| qw: Do Orc after D:15 true
     0 | D:1      | 0 ||| qw: Do second Lair branch before Depths: true
     0 | D:1      | 0 ||| qw: Lair rune preference: random
     0 | D:1      | 0 ||| qw: Plans: Normal
     0 | D:1      | 0 ||| PLANNING D:1-11
    58 | D:1      | Reached skill level 3 in Axes
    89 | D:1      | Reached XP level 2. HP: 11/19 MP: 2/2
    90 | D:1      | 90 ||| INVOKING Berserk.
   302 | D:1      | 302 ||| Stepping ~*~*~tactically~*~*~ (hiding).
   619 | D:1      | 619 ||| INVOKING Berserk.
  1129 | D:1      | Reached XP level 3. HP: 23/23 MP: 3/3
  1178 | D:1      | 1178 ||| READING 4 scrolls labelled PUESIXUUVAO.
  1183 | D:1      | 1183 ||| READING scroll labelled GOTACIKKEU.
  1184 | D:1      | 1184 ||| READING scroll labelled TEISEH HOTIEKY.
  1185 | D:1      | 1185 ||| READING scroll labelled JYMEAN JERHUETZ.
  1186 | D:1      | 1186 ||| READING scroll labelled PUDATU WAEQ.
  1187 | D:1      | 1187 ||| DRINKING 2 bubbling red potions.
  1188 | D:1      | 1188 ||| DROPPING potion of degeneration.
  1217 | D:2      | 1217 ||| Stepping ~*~*~tactically~*~*~ (stealth).
  1224 | D:2      | 1224 ||| FLEEEEING.
  1225 | D:2      | 1225 ||| FLEEEEING.
  1226 | D:2      | 1226 ||| FLEEEEING.
  1227 | D:2      | 1227 ||| FLEEEEING.
  1228 | D:2      | 1228 ||| FLEEEEING.
  1229 | D:2      | 1229 ||| STAIRDANCE
  1315 | D:2      | Reached skill level 4 in Axes
  1322 | D:2      | 1322 ||| Stepping ~*~*~tactically~*~*~ (stealth).
  1326 | D:2      | 1326 ||| Stepping ~*~*~tactically~*~*~ (stealth).
  1409 | D:2      | 1409 ||| DROPPING +0 club.
  1432 | D:2      | Found Tydde's Antique Weapon Emporium.
  1438 | D:2      | 1438 ||| SHOPLISTING +8 mithril axe "Arga" {speed, Will+}
                  | (1744 gold, have 47).
  1597 | D:2      | Reached ** piety under Trog
  1630 | D:2      | 1630 ||| INVOKING Berserk.
  1940 | D:2      | 1940 ||| Stepping ~*~*~tactically~*~*~ (hiding).
  1941 | D:2      | 1941 ||| Stepping ~*~*~tactically~*~*~ (hiding).
  2154 | D:2      | 2154 ||| Stepping ~*~*~tactically~*~*~ (hiding).
  2164 | D:2      | Reached XP level 4. HP: 27/28 MP: 4/4
  2229 | D:2      | Found a faded altar of an unknown god.
  2239 | D:2      | 2239 ||| Stepping ~*~*~tactically~*~*~ (stealth).
  2241 | D:2      | 2241 ||| Stepping ~*~*~tactically~*~*~ (stealth).
  2408 | D:2      | Found a runed translucent door.
  2409 | D:2      | Noticed Crazy Yiuf
  2751 | D:2      | 2751 ||| UPGRADING to +0 cloak.
  2756 | D:2      | 2756 ||| DROPPING orb of light.
  2757 | D:2      | 2757 ||| UPGRADING to +0 plate armour.
  2767 | D:2      | 2767 ||| DROPPING +0 animal skin.
  2768 | D:2      | 2768 ||| UPGRADING to ring of positive energy.
  2769 | D:2      | 2769 ||| READING 2 scrolls labelled BUIKYCHANLY.
  2770 | D:2      | 2770 ||| READING scroll labelled LYL ASINWERAE.
  2771 | D:2      | 2771 ||| READING scroll labelled NIMUST IQOAMN.
  2772 | D:2      | 2772 ||| DRINKING 2 sedimented silvery potions.
  2773 | D:2      | 2773 ||| DROPPING scroll of immolation.
  2842 | D:3      | Found an iron altar of Okawaru.
  2847 | D:3      | Noticed Sigmund
  2850 | D:3      | 2850 ||| INVOKING Berserk.
  2860 | D:3      | Killed Sigmund
  2861 | D:3      | Reached skill level 5 in Axes
  2861 | D:3      | Reached XP level 5. HP: 32/32 MP: 5/5
  2872 | D:3      | 2872 ||| FLEEEEING.
  2881 | D:3      | 2881 ||| STAIRDANCE
  2982 | D:2      | 2982 ||| DROPPING ring of flight.
  3051 | D:3      | 3051 ||| Stepping ~*~*~tactically~*~*~ (stealth).
  3057 | D:3      | 3057 ||| Stepping ~*~*~tactically~*~*~ (hiding).
  3060 | D:3      | 3060 ||| INVOKING Berserk.
  3063 | D:3      | Reached XP level 6. HP: 37/37 MP: 6/6
  3075 | D:3      | 3075 ||| Stepping ~*~*~tactically~*~*~ (stealth).
  3172 | D:3      | 3172 ||| SWAPPING to +1 hand axe of flaming.
  3173 | D:3      | 3173 ||| DROPPING +0 eveningstar.
  3174 | D:3      | 3174 ||| DROPPING +0 hand axe.
  3263 | D:3      | Noticed Ijyb
  3264 | D:3      | 3264 ||| Stepping ~*~*~tactically~*~*~ (stealth).
  3267 | D:3      | Reached skill level 3 in Armour
  3267 | D:3      | 3267 ||| FLEEEEING.
  3268 | D:3      | 3268 ||| FLEEEEING.
  3269 | D:3      | 3269 ||| FLEEEEING.
  3269 | D:3      | HP: 7/37 [disintegration (11)]
  3270 | D:3      | 3270 ||| FLEEEEING.
  3271 | D:3      | 3271 ||| FLEEEEING.
  3272 | D:3      | 3272 ||| FLEEEEING.
  3273 | D:3      | 3273 ||| FLEEEEING.
  3277 | D:3      | 3277 ||| FLEEEEING.
  3278 | D:3      | 3278 ||| FLEEEEING.
  3279 | D:3      | 3279 ||| FLEEEEING.
  3280 | D:3      | 3280 ||| FLEEEEING.
  3282 | D:3      | 3282 ||| STAIRDANCE
  3717 | D:3      | Noticed Terence
  3718 | D:3      | 3718 ||| SWAPPING to +0 war axe.
  3723 | D:3      | 3723 ||| INVOKING Berserk.
  3725 | D:3      | Killed Terence
  3883 | D:3      | 3883 ||| Stepping ~*~*~tactically~*~*~ (stealth).
  3884 | D:3      | 3884 ||| Stepping ~*~*~tactically~*~*~ (stealth).
  3996 | D:3      | 3996 ||| Stepping ~*~*~tactically~*~*~ (stealth).
  4059 | D:3      | 4059 ||| READING 5 scrolls of teleportation.
  4155 | D:3      | 4155 ||| Stepping ~*~*~tactically~*~*~ (stealth).
  4210 | D:3      | 4210 ||| INVOKING Berserk.
  4219 | D:3      | Killed Ijyb
  4301 | D:4      | Reached skill level 6 in Axes
  4301 | D:4      | 4301 ||| STAIRDANCE
  4432 | D:4      | 4432 ||| INVOKING Berserk.
  4436 | D:4      | Reached XP level 7. HP: 43/43 MP: 7/7
  4853 | D:4      | 4853 ||| Stepping ~*~*~tactically~*~*~ (stealth).
  4856 | D:4      | 4856 ||| Stepping ~*~*~tactically~*~*~ (stealth).
  5446 | D:4      | 5446 ||| INVOKING Berserk.
  5451 | D:4      | Reached *** piety under Trog
  5712 | D:4      | 5712 ||| UPGRADING to +2 pair of gloves.
  5717 | D:4      | 5717 ||| READING 2 scrolls of identify.
  5717 | D:4      | 5717 ||| IDENTIFYING brown potion
  5718 | D:4      | 5718 ||| DROPPING potion of invisibility.
  5739 | D:5      | Entered Level 5 of the Dungeon
  5845 | D:5      | Found a glowing silver altar of Zin.
  5848 | D:5      | Found a shadowy altar of Dithmenos.
  5852 | D:5      | Found a radiant altar of Vehumet.
  5878 | D:5      | 5878 ||| Stepping ~*~*~tactically~*~*~ (stealth).
  5884 | D:5      | 5884 ||| INVOKING Berserk.
  5886 | D:5      | Reached skill level 7 in Axes
  5899 | D:5      | Reached XP level 8. HP: 46/50 MP: 8/8
  5994 | D:5      | Reached skill level 1 in Throwing
  6333 | D:5      | 6333 ||| Stepping ~*~*~tactically~*~*~ (hiding).
  6542 | D:5      | Found a staircase to the Ecumenical Temple.
  6547 | D:5      | 6547 ||| READING scroll labelled LAXZUH CUUMETU.
  6548 | D:5      | 6548 ||| READING 5 scrolls of identify.
  6548 | D:5      | 6548 ||| IDENTIFYING coppery potion
  6549 | D:5      | 6549 ||| READING 4 scrolls of identify.
  6549 | D:5      | 6549 ||| IDENTIFYING fuming grey potion
  6550 | D:5      | 6550 ||| READING 3 scrolls of identify.
  6550 | D:5      | 6550 ||| IDENTIFYING white potion
  6551 | D:5      | 6551 ||| DROPPING potion of brilliance.
  6552 | D:5      | 6552 ||| DROPPING potion of flight.
  6599 | D:6      | 6599 ||| INVOKING Berserk.
  6603 | D:6      | HP: 18/75 [gnoll/+0 spear[a gnoll sergeant] (2)]
  6608 | D:6      | HP: 12/75 [gnoll/+0 spear[a gnoll sergeant] (5)]
  6690 | D:6      | 6690 ||| FLEEEEING.
  6691 | D:6      | 6691 ||| FLEEEEING.
  6692 | D:6      | 6692 ||| STAIRDANCE
  6878 | D:6      | Reached skill level 8 in Axes
  6878 | D:6      | 6878 ||| STAIRDANCE
  6931 | D:6      | 6931 ||| READING scroll of enchant weapon.
  6931 | D:6      | 6931 ||| ENCHANTING +1 war axe.
  7026 | D:6      | Reached skill level 6 in Fighting
  7316 | D:6      | 7316 ||| INVOKING Berserk.
  7318 | D:6      | Noticed Edmund
  7343 | D:6      | Killed Edmund
  7344 | D:6      | Reached XP level 9. HP: 25/55 MP: 9/9
  7408 | D:6      | 7408 ||| Stepping ~*~*~tactically~*~*~ (stealth).
  7527 | D:6      | Reached skill level 9 in Axes
  7573 | D:6      | 7573 ||| Stepping ~*~*~tactically~*~*~ (stealth).
  7632 | D:6      | Found a burning altar of Makhleb.
  7643 | D:6      | 7643 ||| INVOKING Berserk.
  7859 | D:6      | 7859 ||| INVOKING Berserk.
  7862 | D:6      | Reached skill level 6 in Armour
  8062 | D:6      | 8062 ||| INVOKING Berserk.
  8364 | D:6      | 8364 ||| UPGRADING to ring of protection from fire.
  8365 | D:6      | 8365 ||| UPGRADING to ring of protection from fire.
  8367 | D:6      | 8367 ||| UPGRADING to ring of protection from cold.
  8369 | D:6      | 8369 ||| READING 2 scrolls labelled ZUSMELEFIE.
  8370 | D:6      | 8370 ||| DRINKING 2 fizzy amethyst potions.
  8422 | D:6      | 8422 ||| READING 2 scrolls of identify.
  8422 | D:6      | 8422 ||| IDENTIFYING pink potion
  8423 | D:6      | 8423 ||| DROPPING potion of lignification.
  8424 | D:6      | 8424 ||| DROPPING scroll of magic mapping.
  8448 | D:7      | Noticed Prince Ribbit
  8452 | D:7      | 8452 ||| INVOKING Berserk.
  8457 | D:7      | Killed Prince Ribbit
  8471 | D:7      | 8471 ||| STAIRDANCE
  8663 | D:7      | 8663 ||| Stepping ~*~*~tactically~*~*~ (hiding).
  8664 | D:7      | 8664 ||| Stepping ~*~*~tactically~*~*~ (hiding).
  8667 | D:7      | 8667 ||| INVOKING Berserk.
  9008 | D:7      | 9008 ||| Stepping ~*~*~tactically~*~*~ (hiding).
  9018 | D:7      | Reached **** piety under Trog
  9024 | D:7      | Reached skill level 10 in Axes
  9087 | D:7      | Noticed Duvessa
  9088 | D:7      | 9088 ||| Stepping ~*~*~tactically~*~*~ (stealth).
  9089 | D:7      | Noticed Dowan
  9090 | D:7      | 9090 ||| INVOKING Berserk.
  9098 | D:7      | Killed Dowan
  9101 | D:7      | Killed Duvessa
  9207 | D:7      | Found Cokoelec's Armour Emporium.
  9210 | D:7      | 9210 ||| SHOPLISTING +10 chain mail of the Farrier {Dex+3
                  | Slay+2} (838 gold, have 363).
  9210 | D:7      | 9210 ||| BUYING +2 hat (176 gold).
  9210 | D:7      | Bought a +2 hat for 176 gold pieces
  9210 | D:7      | 9210 ||| SHOPLISTING +2 pair of gloves of strength (236
                  | gold, have 187).
  9210 | D:7      | 9210 ||| SHOPLISTING +4 chain mail of cold resistance (346
                  | gold, have 187).
  9262 | D:7      | 9262 ||| INVOKING Berserk.
  9458 | D:7      | 9458 ||| INVOKING Berserk.
  9466 | D:7      | Reached XP level 10. HP: 64/64 MP: 10/10
  9485 | D:7      | HP: 13/64 [gnoll sergeant/+1 vampiric trident (4)]
  9486 | D:7      | 9486 ||| READING 7 scrolls of teleportation.
  9486 | D:7      | HP: 6/64 [water moccasin (7)]
  9487 | D:7      | 9487 ||| DRINKING 3 potions of heal wounds.
  9488 | D:7      | 9488 ||| DRINKING 2 potions of heal wounds.
  9517 | D:7      | 9517 ||| INVOKING Berserk.
  9724 | D:7      | 9724 ||| Stepping ~*~*~tactically~*~*~ (stealth).
  9726 | D:7      | 9726 ||| Stepping ~*~*~tactically~*~*~ (hiding).
  9836 | D:7      | 9836 ||| READING scroll of enchant weapon.
  9836 | D:7      | 9836 ||| ENCHANTING +2 war axe.
  9864 | D:7      | Found a broken altar of Ashenzari.
 10018 | D:7      | Reached skill level 11 in Axes
 10073 | D:7      | 10073 ||| UPGRADING to +2 hat.
 10078 | D:7      | 10078 ||| UPGRADING to +0 kite shield.
 10097 | D:8      | Found a staircase to the Lair.
 10108 | D:8      | 10108 ||| INVOKING Berserk.
 10424 | D:8      | 10424 ||| INVOKING Berserk.
 10437 | D:8      | Reached skill level 3 in Shields
 10611 | D:8      | 10611 ||| INVOKING Berserk.
 10888 | D:8      | 10888 ||| Stepping ~*~*~tactically~*~*~ (hiding).
 10889 | D:8      | 10889 ||| Stepping ~*~*~tactically~*~*~ (hiding).
 11324 | D:8      | 11324 ||| PLANNING LAIR
 11324 | D:8      | 11324 ||| UPGRADING to amulet of regeneration.
 11329 | D:8      | 11329 ||| READING scroll labelled DOG LUEFIWN.
 11330 | D:8      | 11330 ||| READING scroll labelled KOITRE NEGAN.
 11331 | D:8      | 11331 ||| READING 3 scrolls of identify.
 11331 | D:8      | 11331 ||| IDENTIFYING sedimented white potion
 11332 | D:8      | 11332 ||| DROPPING potion of attraction.
 11401 | Lair:1   | Entered Level 1 of the Lair of Beasts
 11432 | Lair:1   | 11432 ||| INVOKING Berserk.
 11604 | Lair:1   | Noticed a minotaur
 11604 | Lair:1   | Noticed qw's ghost (journeyman GrBe)
 11605 | Lair:1   | Noticed a black mamba
 11606 | Lair:1   | Noticed a five-headed hydra
 11626 | Lair:1   | Found a runed translucent gate.
 11626 | Lair:1   | Found a runed translucent gate.
 11628 | Lair:1   | Found a runed translucent gate.
 11680 | Lair:1   | 11680 ||| INVOKING Berserk.
 11686 | Lair:1   | Reached skill level 6 in Shields
 11814 | Lair:1   | Noticed a cane toad
 11816 | Lair:1   | 11816 ||| INVOKING Berserk.
 11820 | Lair:1   | Killed a cane toad
 11844 | Lair:1   | Noticed an eight-headed hydra
 11847 | Lair:1   | 11847 ||| SWAPPING to +1 hand axe of flaming.
 11860 | Lair:1   | Killed a one-headed hydra
 11861 | Lair:1   | Reached XP level 11. HP: 36/68 MP: 11/11
 11861 | Lair:1   | 11861 ||| SWAPPING to +3 war axe.
 12182 | Lair:1   | 12182 ||| Stepping ~*~*~tactically~*~*~ (stealth).
 12183 | Lair:1   | 12183 ||| Stepping ~*~*~tactically~*~*~ (stealth).
 12185 | Lair:1   | 12185 ||| Stepping ~*~*~tactically~*~*~ (hiding).
 12188 | Lair:1   | 12188 ||| Stepping ~*~*~tactically~*~*~ (hiding).
 12199 | Lair:1   | Reached skill level 9 in Shields
 12287 | Lair:1   | 12287 ||| INVOKING Berserk.
 12485 | Lair:1   | 12485 ||| READING 3 scrolls of identify.
 12485 | Lair:1   | 12485 ||| IDENTIFYING yellow potion
 12486 | Lair:1   | 12486 ||| READING 2 scrolls of identify.
 12486 | Lair:1   | 12486 ||| IDENTIFYING inky potion
 12487 | Lair:1   | 12487 ||| DROPPING potion of ambrosia.
 12488 | Lair:1   | 12488 ||| DROPPING potion of magic.
 12679 | Lair:2   | 12679 ||| INVOKING Berserk.
 13082 | Lair:2   | Found a hole to the Spider Nest.
 13232 | Lair:2   | Found a staircase to the Shoals.
 13235 | Lair:2   | 13235 ||| INVOKING Berserk.
 13495 | Lair:2   | 13495 ||| UPGRADING to amulet of reflection.
 13505 | Lair:2   | 13505 ||| DROPPING amulet of regeneration.
 13506 | Lair:2   | 13506 ||| DROPPING amulet of guardian spirit.
 13507 | Lair:2   | 13507 ||| DRINKING 2 gluggy clear potions.
 13612 | Lair:2   | 13612 ||| DROPPING potion of berserk rage.
 13783 | Lair:3   | Reached skill level 9 in Fighting
 13810 | Lair:3   | Noticed a six-headed hydra
 13811 | Lair:3   | 13811 ||| Stepping ~*~*~tactically~*~*~ (stealth).
 13814 | Lair:3   | 13814 ||| Stepping ~*~*~tactically~*~*~ (stealth).
 13815 | Lair:3   | 13815 ||| SWAPPING to +1 hand axe of flaming.
 13816 | Lair:3   | 13816 ||| INVOKING Berserk.
 13822 | Lair:3   | Killed a one-headed hydra
 13836 | Lair:3   | 13836 ||| SWAPPING to +3 war axe.
 13963 | Lair:3   | 13963 ||| INVOKING Berserk.
 14266 | Lair:3   | 14266 ||| INVOKING Berserk.
 14787 | Lair:3   | 14787 ||| DRINKING 2 fuming orange potions.
 14833 | Lair:4   | 14833 ||| INVOKING Berserk.
 14974 | Lair:4   | 14974 ||| INVOKING Berserk.
 14981 | Lair:4   | Noticed a catoblepas
 14990 | Lair:4   | HP: 15/71 [catoblepas (8)]
 14991 | Lair:4   | 14991 ||| READING 7 scrolls of teleportation.
 14992 | Lair:4   | 14992 ||| DRINKING potion of heal wounds.
 15204 | Lair:4   | 15204 ||| Stepping ~*~*~tactically~*~*~ (stealth).
 15216 | Lair:4   | Reached skill level 12 in Axes
 15228 | Lair:4   | 15228 ||| INVOKING Berserk.
 15345 | Lair:4   | 15345 ||| INVOKING Berserk.
 15351 | Lair:4   | Killed a catoblepas
 15352 | Lair:4   | Reached XP level 12. HP: 76/76 MP: 12/12
 15422 | Lair:4   | 15422 ||| INVOKING Berserk.
 15492 | Lair:4   | 15492 ||| INVOKING Berserk.
 15640 | Lair:4   | 15640 ||| INVOKING Berserk.
 15841 | Lair:4   | Found a staircase to the Slime Pits.
 15841 | Lair:4   | Found a viscous altar of Jiyva.
 15842 | Lair:4   | 15842 ||| FLEEEEING.
 15843 | Lair:4   | 15843 ||| FLEEEEING.
 16063 | Lair:4   | 16063 ||| INVOKING Berserk.
 16063 | Lair:4   | HP: 17/115 [oklob plant/splash of acid (12)]
 16069 | Lair:4   | HP: 1/115 [oklob plant/splash of acid (17)]
 16071 | Lair:4   | Killed from afar by an oklob plant

Levels and vault maps discovered:
D:1:      shiori_angband_town, layout_basic
D:2:      layout_loops_ring, nicolae_ecumenical_snake_handling, serial_shops,
          nicolae_diamond_shop, chequers_serial_rivers_micro_c,
          nicolae_concentric_dashed_squares_mild, minmay_liquid_box,
          minmay_cupped, uniq_crazy_yiuf_cottage
D:3:      layout_rooms, mainiacjoe_overflow_catwalk, lemuel_flame_loot_1,
          uniq_ijyb, uniq_terence, uniq_sigmund
D:4:      layout_basic, dk_rats_in_the_wall
D:5:      layout_loops_cross, grunt_temple_overflow_diamond, temple_hall
D:6:      layout_basic, bloody_makhleb, eino_tiny_chamber, minivault_10,
          uniq_edmund
D:7:      cheibrodos_barr_body, layout_gridville, kennysheep_little_box,
          serial_shops, kennysheep_mini, uniq_duvessa, uniq_prince_ribbit1
D:8:      wad_lake_hut, layout_basic, david_lair_shrubbed
Lair:1:   layout_regular_city, maelrawn_ghost_gauntlet_escape,
          portal_ice_cave_rime
Lair:2:   layout_regular_city, elwin_shoals_entry_rooms, dummy_spider_entry
Lair:3:   layout_cave_pods, fungi_pond_lemuel
Lair:4:   layout_cellular_growth, minmay_slime_entry_oklob_open

Skill      XL: |  1  2  3  4  5  6  7  8  9 10 11 12 |
---------------+-------------------------------------+-----
Axes           | 3 4 5 6 7 8 10 11 12 | 12.0
Armour         | 3 4 5 7 8 |  8.4
Fighting       | 4 5 6 8 9 10 | 10.0
Throwing       | 1 |  1.0
Shields        | 8 10 | 10.7
Dodging        | 2 |  2.1

Action                   |  1- 3 |  4- 6 |  7- 9 | 10-12 || total
-------------------------+-------+-------+-------+-------++-------
Melee: Hand axe          |   128 |    73 |       |    19 ||   220
       Punch             |     3 |       |     2 |       ||     5
       War axe           |       |    68 |   357 |   376 ||   801
Throw: Boomerang         |       |       |    62 |    79 ||   141
Invok: Berserk           |     3 |     5 |    12 |    21 ||    41
  Use: Scroll            |     5 |     4 |     8 |     8 ||    25
       Potion            |     1 |     1 |     1 |     5 ||     8
 Stab: Petrified         |       |       |       |     4 ||     4
       Petrifying        |       |       |       |     1 ||     1
Armor: Animal skin       |    38 |     7 |       |       ||    45
       Plate armour      |       |    80 |   333 |   278 ||   691
Dodge: Dodged            |    67 |    46 |   150 |   113 ||   376
Block: Kite shield       |       |       |       |   189 ||   189
       Reflection        |       |       |       |     2 ||     2

Table legend:
 A = Non-vault XP
 B = Vault XP
 C = Vault XP percentage of total XP
 D = Non-vault monster count
 E = Vault monster count
 F = Vault count percentage of total count
                 A         B        C        D         E       F
            +---------+---------+-------+---------+---------+-------
      Total |   17920 |    4157 |  18.8 |     208 |      53 |  20.3
            +---------+---------+-------+---------+---------+-------
        D:1 |      35 |       0 |   0.0 |      20 |       0 |   0.0
        D:2 |      34 |      33 |  49.3 |      15 |       7 |  31.8
        D:3 |     101 |     284 |  73.8 |      20 |       3 |  13.0
        D:4 |     312 |     109 |  25.9 |      17 |      21 |  55.3
        D:5 |     469 |       0 |   0.0 |      17 |       0 |   0.0
        D:6 |    1350 |     158 |  10.5 |      32 |       1 |   3.0
        D:7 |    1322 |    2026 |  60.5 |      22 |      17 |  43.6
        D:8 |     757 |     350 |  31.6 |      12 |       1 |   7.7
     Lair:1 |    3873 |     739 |  16.0 |      14 |       2 |  12.5
     Lair:2 |     920 |     458 |  33.2 |       6 |       1 |  14.3
     Lair:3 |    3520 |       0 |   0.0 |      14 |       0 |   0.0
     Lair:4 |    5227 |       0 |   0.0 |      19 |       0 |   0.0
            +---------+---------+-------+---------+---------+-------
